 Dungeon Crawl Stone Soup version 0.15.0-8-gb109cf8 (webtiles) character file.

136 Kold the Sneak (level 5, -11/28 HPs)
             Began as a Vine Stalker Berserker on Aug 30, 2014.
             Was a Priest of Trog.
             Killed by divine providence
             ... invoked by an orc priest
              (12 damage)
             ... on Level 2 of the Dungeon.
             The game lasted 00:07:44 (1926 turns).

Kold the Sneak (Vine Stalker Berserker)             Turns: 1926, Time: 00:07:45

HP -11/28        AC  3     Str 20      XL: 5   Next: 19%
MP   0/7         EV 12     Int  7      God: Trog [***...]
Gold 68          SH  0     Dex 14      Spells:  0 memorised,  4 levels left

rFire  . . .     SeeInvis .     a - +0 short sword
rCold  . . .     Clarity  .     d - +0 robe
rNeg   . . .     rCorr    .     (no shield)
rPois  .         rRot     +     (no helmet)
rElec  .         Spirit   +     l - +0 cloak
SustAb .         Warding  .     (no gloves)
rMut   .         Stasis   .     (no boots)
Gourm  .                        (no amulet)
MR     ++...                    (no ring)
                                (no ring)

@: regenerating, very resistant to hostile enchantments, fairly stealthy
A: fangs 2, regeneration 1, magic shield, antimagic bite, no device heal 3, rot
immunity
a: Burn Spellbooks, Berserk, Trog's Hand, Renounce Religion


You were on level 2 of the Dungeon.
You worshipped Trog.
Trog was most pleased with you.
You were hungry.

You visited 1 branch of the dungeon, and saw 3 of its levels.

You collected 68 gold pieces.

Inventory:

Hand weapons
 a - a +0 short sword (weapon)
Missiles
 n - 8 tomahawks of returning (quivered)
Armour
 b - a +0 animal skin
 d - a +0 robe (worn)
 l - a +0 cloak (worn)
Comestibles
 c - a bread ration
 i - a royal jelly
 p - 2 rotting chunks of gnoll flesh
Scrolls
 f - a scroll of noise {unknown}
 h - 4 scrolls of identify {unknown}
 j - a scroll of recharging {unknown}
 k - a scroll of remove curse {unknown}
 o - a scroll of magic mapping {unknown}
Potions
 g - 3 potions of curing {unknown}
 m - a potion of lignification {unknown}


   Skills:
 - Level 2.8 Fighting
 + Level 4.0 Short Blades
 - Level 1.7 Armour
 - Level 1.6 Dodging
 - Level 4.0 Stealth


You had 4 spell levels left.
You didn't know any spells.

Dungeon Overview and Level Annotations

Branches:
Dungeon (3/15)

Altars:


Innate Abilities, Weirdness & Mutations

You have extremely sharp teeth.
Your natural rate of healing is unusually fast.
When hurt, damage is shared between your health and your magic reserves.
Your bite disrupts and absorbs the magic of your enemies.
Potions and wands cannot restore your health.
You are immune to rotting.


Message History

The orc priest glows brightly for a moment.
The kobold moves out of view.
You hit the orc priest. You bite the orc priest. You drain its power.
You feel invigorated.
The orc priest is lightly wounded.
The orc closely misses you. The orc priest hits you with a dagger.
You closely miss the orc priest.
The orc priest is lightly wounded.
The orc hits you but does no damage.
The orc priest calls down the wrath of Beogh upon you.
Something smites you!
* * * LOW HITPOINT WARNING * * *
You barely miss the orc priest.
The orc priest is lightly wounded.
You feel less exhausted. The orc hits you with a dagger.
* * * LOW HITPOINT WARNING * * *
The orc priest invokes the aid of Beogh against you.
Something smites you!
You die...

# #.##..........##.)...#.## #.#..
###.##..........###....#.####....
..#.##..........##..#....##......
#...##..........#..#.............
###.##.................###..#....
#...<#.........##..###.###....#..
...)...........##.###.......#....
...............##o##...###....##.
....).).....%..#@.##.#.# #...###.
......##........o#...#.# ###.# #.
......##.........#.###.# #.###.
......##...........# #.# #.##..
(................### #.# #.#...
.....###.........#####.#####.....
...>.............................
......##.........#####.#####.#...
.................## #.# #.##.#


You could see an orc priest and an orc.

Vanquished Creatures
  An adder (D:2)
  6 gnolls
  3 worms (D:2)
  A giant gecko (D:2)
  5 bats
  3 giant cockroaches
  6 hobgoblins
  A ball python (D:2)
  A giant newt (D:1)
  7 goblins
  4 jackals (D:1)
  9 kobolds
  11 rats
58 creatures vanquished.

Notes
Turn   | Place    | Note
--------------------------------------------------------------
     0 | D:1      | Kold, the Vine Stalker Berserker, began the quest for the Orb.
     0 | D:1      | Reached XP level 1. HP: 11/11 MP: 1/1
   190 | D:1      | Reached XP level 2. HP: 16/16 MP: 3/3
   252 | D:1      | Reached skill level 1 in Stealth
   350 | D:1      | Reached skill level 3 in Short Blades
   352 | D:1      | Acquired Trog's second power
   609 | D:1      | Reached XP level 3. HP: 16/19 MP: 4/4
  1245 | D:2      | Reached XP level 4. HP: 18/23 MP: 5/5
  1758 | D:2      | Reached skill level 4 in Stealth
  1877 | D:2      | Reached XP level 5. HP: 23/28 MP: 5/7
  1925 | D:2      | HP: 1/28 [orc priest/divine providence (11)]
  1926 | D:2      | Killed from afar by an orc priest

Action                   |  1- 3 |  4- 6 || total
-------------------------+-------+-------++-------
Melee: Short sword       |    95 |    71 ||   166
Invok: Berserk           |     2 |     2 ||     4
       Trog's Hand       |       |     1 ||     1
  Use: Potion            |     1 |       ||     1
 Stab: Sleeping          |     2 |       ||     2
  Eat: Chunk             |     3 |     4 ||     7
